 Dungeon Crawl Stone Soup version 0.21-a0-621-gc60411f (webtiles) character file.

91 slep the Slasher (level 4, -2/38 HPs)
             Began as a Minotaur Gladiator on Dec 24, 2017.
             Splashed by a jelly's acid (8 damage)
             ... on level 1 of the Dungeon.
             The game lasted 00:02:18 (452 turns).

slep the Slasher (Minotaur Gladiator)                Turns: 452, Time: 00:02:22

Health: -2/38      AC:  0    Str: 18    XL:     4   Next: 33%
Magic:  3/3        EV: 11    Int:  5    God:
Gold:   78         SH:  0    Dex: 13    Spells: 3/3 levels left

rFire    + + .     SeeInvis .   a - +0 long sword
rCold    x . .     Gourm    .   (no shield)
rNeg     . . .     Faith    .   h - +0 fire dragon scales
rPois    .         Spirit   .   c - +0 hat
rElec    .         Reflect  .   (no cloak)
rCorr    .         Harm     .   (no gloves)
MR       .....                  (no boots)
Stlth    ..........             (no amulet)
HPRegen  0.12/turn              (no ring)
MPRegen  0.08/turn              (no ring)

@: corroded
A: retaliatory headbutt, horns 2
a: no special abilities


You were on level 1 of the Dungeon.
You were not hungry.

You visited 1 branch of the dungeon, and saw 1 of its levels.

You collected 78 gold pieces.

Inventory:

Hand Weapons
 a - a +0 long sword (weapon)
Missiles
 d - 3 throwing nets (quivered)
 g - 25 sling bullets
Armour
 b - a +0 leather armour
 c - a +0 hat (worn)
 h - +0 fire dragon scales (worn)
Scrolls
 e - a scroll of amnesia {unknown}
 i - a scroll of fog {unknown}
 k - 2 scrolls of enchant weapon {unknown}
Potions
 j - a potion of curing {unknown}
Comestibles
 f - 3 rations


   Skills:
 + Level 3.0 Fighting
 + Level 4.7 Long Blades
 + Level 2.3 Throwing
 + Level 1.1 Armour
 + Level 4.2 Dodging


You had 3 spell levels left.
You didn't know any spells.

Dungeon Overview and Level Annotations

Branches:
Dungeon (1/15)

Altars:


Innate Abilities, Weirdness & Mutations

You reflexively headbutt those who attack you in melee.
You have a pair of horns on your head.


Message History

You barely miss the giant cockroach.
Your headbutt misses the giant cockroach.
The giant cockroach barely misses you. You furiously retaliate!
You headbutt the giant cockroach. The giant cockroach misses you.
You riposte.
You barely miss the giant cockroach.
The giant cockroach is severely wounded.
You hit the giant cockroach.
You kill the giant cockroach!
You hit the rat but do no damage. The rat misses you.
You riposte.
You hit the rat but do no damage. You slash the rat!
You kill the rat!
You slash the jelly!
Your hands burn!
* * * LOW HITPOINT WARNING * * *
You headbutt the jelly.
The jelly is severely wounded.
The jelly hits you.
* * * LOW HITPOINT WARNING * * *
The acid corrodes you!
You are splashed with acid!
The acid burns!
You die...

#.####..###.....######.....#
#........######......####...
#..##..#.............# #...
#....................## ###.
#...###+#######'###...# #..
#...#..⌠...>...⌠..#...## #.#
#...#......<......#....###.#
#...+⌠....###....⌠+.#......#
#...#......@......#...###...
#####...#######J#######........#
#.......# ....w.. #.........
#.......# ........... #.......##
#.......#.....[.......#.......##
#.......###############......##
#............................###
#................###.....#......
#.......#.....##........^##..###


You could see a worm and a jelly.

Vanquished Creatures
  2 jellies (D:1)
  3 oozes (D:1)
  4 giant cockroaches (D:1)
  A hobgoblin (D:1)
  A bat (D:1)
  A frilled lizard (D:1)
  3 goblins (D:1)
  5 kobolds (D:1)
  4 rats (D:1)
24 creatures vanquished.

Notes
Turn   | Place    | Note
-------+----------+-------------------------------------------
     0 | D:1      | slep the Minotaur Gladiator began the quest for the Orb.
     0 | D:1      | Reached XP level 1. HP: 18/18 MP: 0/0
     1 | D:1      | Found a runed door.
     1 | D:1      | Noticed a jelly
   179 | D:1      | Reached XP level 2. HP: 2/25 MP: 1/1
   441 | D:1      | Reached XP level 3. HP: 19/30 MP: 2/2
   445 | D:1      | Reached skill level 1 in Armour
   445 | D:1      | Reached XP level 4. HP: 9/37 MP: 3/3
   452 | D:1      | Splashed by a jelly's acid

Vault maps used:
D:1:      dpeg_arrival_caged_fury

Skill      XL: |  1  2  3  4 |
---------------+-------------+-----
Long Blades    | 4 |  4.7
Dodging        | 4 |  4.2
Armour         | 1 |  1.1
Fighting       | 3 |  3.0
Throwing       | |  2.3

Action                   |  1- 3 |  4- 6 || total
-------------------------+-------+-------++-------
Melee: Long sword        |    40 |     7 ||    47
       Headbutt          |     7 |     1 ||     8
Armor: Leather armour    |     2 |       ||     2
       Fire dragon scale |     3 |       ||     3
Dodge: Dodged            |    14 |     4 ||    18
       Rpst.: Long sword |     3 |     3 ||     6

Table legend:
 A = Spawn XP
 B = Non-spawn XP
 C = Spawn XP percentage of total XP
 D = Spawn monster count
 E = Non-spawn monster count
 F = Spawn count percentage of total count
 G = Total turns spent on level
                    A         B        C        D         E        F      G
               +---------+---------+-------+---------+---------+-------+---------
         Total |       0 |     130 |   0.0 |       0 |      24 |   0.0 |   452
               +---------+---------+-------+---------+---------+-------+---------
           D:1 |       0 |     130 |   0.0 |       0 |      24 |   0.0 |   452
               +---------+---------+-------+---------+---------+-------+---------
